 Dungeon Crawl Stone Soup version 0.31-a0-237-g2d982f9f85 (webtiles) character file.

Game seed: 1120136539113706358

219 qw the Shooter (level 5, -3/45 HPs)
             Began as a Minotaur Hexslinger on July 10, 2023.
             Slain by a mummy (12 damage)
             ... in an ossuary.
             The game lasted 00:00:59 (2947 turns).

qw the Shooter (Minotaur Hexslinger)                Turns: 2947, Time: 00:00:59

Health: -3/45      AC:  5    Str: 12    XL:     5   Next: 63%
Magic:  5/5        EV: 11    Int:  8    God:
Gold:   170        SH:  0    Dex: 15    Spells: 5/6 levels left

rFire   . . .        Y - +1 sling
rCold   . . .        (no shield)
rNeg    . . .        a - +0 ring mail
rPois   .            (helmet restricted)
rElec   .            (no cloak)
rCorr   .            (no gloves)
SInv    .            (no boots)
Will    +....        (no amulet)
Stlth   +            d - ring of willpower
HPRegen 0.27/turn    (no ring)
MPRegen 0.09/turn

%: no passive effects
@: about to teleport
A: horns 2, retaliatory headbutt, deterioration 1, dopey 1
a: no special abilities


You were in an ossuary.
You visited 1 branch of the dungeon, and saw 4 of its levels.
You also visited: Ossuary.

You collected 170 gold pieces.


Innate Abilities, Weirdness & Mutations

You have a pair of horns on your head.
You reflexively headbutt those who attack you in melee.
Your body sometimes deteriorates upon taking damage.
You are dopey. (Int -2)


   Skills:
 - Level 3.2 Fighting
 + Level 5.8 Ranged Weapons
 - Level 1.0 Armour
 - Level 2.1 Dodging
 - Level 1.0 Spellcasting
 - Level 2.0 Hexes


You had 5 spell levels left.
You knew the following spells:

 Your Spells              Type           Power      Damage    Failure   Level
a - Slow                  Hex            12%        N/A       36%         1

Your spell library contained the following spells:

 Spells                   Type           Power      Damage    Failure   Level
 Inner Flame              Hex/Fire       2%         N/A       87%         3
 Portal Projectile        Hex/Tloc       4%         N/A       87%         3
 Cause Fear               Hex            1%         N/A       98%         4

Inventory:

Hand Weapons
 Y - a +1 sling (weapon)
Armour
 a - a +0 ring mail (worn)
Jewellery
 d - a ring of willpower (left hand)
Scrolls
 b - a scroll of identify
Potions
 c - a potion of curing
 e - a potion of enlightenment
 f - a potion of haste {unknown}
 g - a potion of berserk rage {unknown}
 h - a potion of brilliance {unknown}
 j - a potion of mutation
 l - a potion of ambrosia {unknown}
 n - a potion of might {unknown}

Dungeon Overview and Level Annotations

Branches:
Dungeon (4/15)            Ossuary (1/1)
 Temple: D:4-7

Altars:
Cheibriados
Uskayaw
Vehumet
Xom

Shops:
D:2 :   D:3 :

Annotations:
D:4 1 runed translucent door, qw's ghost, amateur MiHs


Message History

Enter note:
Enter note: The world spins around you as you enter the gateway.
You enter an ossuary!
Found a gate leading back out of this place.
There is an empty arch of ancient stone here.
Waypoint 4 assigned to Ossuary.
You open the door.
There is an open door here.
Something unseen opens the door.
You sense a monster nearby.
A mummy comes into view.
You shoot a sling bullet. The sling bullet hits the mummy.
The mummy is moderately damaged.
A mummy comes into view.
You shoot a sling bullet.
The sling bullet completely misses the mummy.
You shoot a sling bullet. The sling bullet hits the mummy.
The mummy is heavily damaged.
The mummy closely misses you.
You shoot a sling bullet. The sling bullet hits the mummy.
The mummy is severely damaged.
The mummy barely misses you. The mummy hits you!
You shoot a sling bullet.
The sling bullet barely misses the mummy.
The mummy hits you! x2
2944 ||| READING scroll of teleportation.
As you read the scroll of teleportation, it crumbles to dust.
You feel strangely unstable.
You shoot a sling bullet. The sling bullet hits the mummy.
The mummy is almost destroyed.
The mummy closely misses you. The mummy hits you.
You shoot a sling bullet. The sling bullet hits the mummy.
The mummy is almost destroyed.
The mummy closely misses you. You furiously retaliate!
You headbutt the mummy. The mummy hits you but does no damage.
You shoot a sling bullet. The sling bullet hits the mummy.
The mummy is almost destroyed.
The mummy hits you!
You die...

#+# +..
##.#####
'.#...#
#M'.\.#
+@#..\#
#M#####
+.' #.##
+.# #.+
+~# #~#


You could see 2 mummies.

Vanquished Creatures
  A bullfrog (D:4)
  A hound (D:4)
  Jessica (D:3)
  3 adders
  2 worms
  4 dart slugs
  5 ball pythons
  4 bats
  4 endoplasms
  3 giant cockroaches
  5 goblins
  2 hobgoblins (D:2)
  6 jackals (D:2)
  3 kobolds
  4 quokkas (D:2)
  4 frilled lizards
  4 rats
56 creatures vanquished.

Notes
Turn   | Place    | Note
-------+----------+-------------------------------------------
     0 | D:1      | qw the Minotaur Hexslinger began the quest for the Orb.
     0 | D:1      | Reached XP level 1. HP: 16/16 MP: 1/1
     0 | D:1      | 0 ||| qw: Version: 0.3-a-52-g30416fa
     0 | D:1      | 0 ||| qw: Game counter: 5283
     0 | D:1      | 0 ||| qw: Melee chars always use a shield: true
     0 | D:1      | 0 ||| qw: God list: Okawaru
     0 | D:1      | 0 ||| qw: Allow faded altars: false
     0 | D:1      | 0 ||| qw: Do Orc after clearing Dungeon:15 true
     0 | D:1      | 0 ||| qw: Do second Lair branch before Depths: true
     0 | D:1      | 0 ||| qw: Lair rune preference: random
     0 | D:1      | 0 ||| qw: Goals: Normal
     0 | D:1      | 0 ||| PLANNING D:1-11
   109 | D:1      | Reached skill level 3 in Ranged Weapons
   143 | D:1      | Reached XP level 2. HP: 23/23 MP: 2/2
   664 | D:1      | Found a faded altar of an unknown god.
   790 | D:1      | 790 ||| UPGRADING to +0 leather armour.
   800 | D:1      | 800 ||| DROPPING +0 robe.
   801 | D:1      | 801 ||| DROPPING +6 ring of intelligence.
   802 | D:1      | 802 ||| READING scroll labelled ALLITZ IGHOAGH.
   803 | D:1      | 803 ||| READING scroll labelled EXECAE BOIDUY.
   808 | D:1      | 808 ||| READING scroll labelled TEHARPH AZESH.
   853 | D:1      | 853 ||| DROPPING scroll of poison.
   949 | D:2      | Reached XP level 3. HP: 29/29 MP: 3/3
  1153 | D:2      | Reached skill level 4 in Ranged Weapons
  1368 | D:2      | Found Orrablom's Book Boutique.
  1665 | D:2      | 1665 ||| UPGRADING to +0 ring mail.
  1675 | D:2      | 1675 ||| DROPPING +0 leather armour.
  1676 | D:2      | 1676 ||| READING 2 scrolls labelled KISOHE LIT BEI.
  1677 | D:2      | 1677 ||| READING scroll labelled MIAT BEAHOSOFAMA.
  1678 | D:2      | 1678 ||| READING scroll labelled NICZUG ECHEONO.
  1824 | D:3      | Reached XP level 4. HP: 36/36 MP: 4/4
  1835 | D:3      | Reached skill level 1 in Armour
  1960 | D:3      | Noticed Jessica
  1969 | D:3      | Killed Jessica
  2034 | D:3      | Reached skill level 5 in Ranged Weapons
  2186 | D:3      | Found Wytasit's Book Boutique.
  2610 | D:3      | 2610 ||| UPGRADING to ring of willpower.
  2611 | D:3      | 2611 ||| READING scroll labelled QYFIN RIRCHATWU.
  2612 | D:3      | 2612 ||| READING scroll labelled DED TYIGOJ.
  2613 | D:3      | 2613 ||| READING scroll labelled TUMIKH NASASTI.
  2614 | D:3      | 2614 ||| DRINKING 2 yellow potions.
  2614 | D:3      | Gained mutation: Your body sometimes deteriorates upon
                  | taking damage. [potion of mutation]
  2614 | D:3      | Gained mutation: You are dopey. (Int -2) [potion of
                  | mutation]
  2615 | D:3      | 2615 ||| READING 2 scrolls of identify.
  2615 | D:3      | 2615 ||| IDENTIFYING bubbling green potion
  2616 | D:3      | 2616 ||| DROPPING potion of degeneration.
  2628 | D:4      | 2628 ||| PLANNING OSSUARY
  2630 | D:4      | Reached skill level 3 in Fighting
  2630 | D:4      | Reached XP level 5. HP: 45/45 MP: 5/5
  2670 | D:4      | Found a shimmering altar of Xom.
  2670 | D:4      | Found a snail-covered altar of Cheibriados.
  2673 | D:4      | Found a radiant altar of Vehumet.
  2678 | D:4      | Found a hide-covered altar of Uskayaw.
  2758 | D:4      | Found a runed translucent door.
  2864 | D:4      | Noticed qw's ghost (amateur MiHs)
  2924 | D:4      | Found a sand-covered staircase.
  2925 | D:4      | 2925 ||| READING 3 scrolls of identify.
  2925 | D:4      | 2925 ||| IDENTIFYING cyan potion
  2926 | D:4      | 2926 ||| READING 2 scrolls of identify.
  2926 | D:4      | 2926 ||| IDENTIFYING red potion
  2934 | Ossuary  | Entered an ossuary
  2943 | Ossuary  | HP: 10/45 [mummy (9)]
  2944 | Ossuary  | 2944 ||| READING scroll of teleportation.
  2947 | Ossuary  | Slain by a mummy

Levels and vault maps discovered:
D:1:      evilmike_arrival_hilbert_curve, layout_basic,
          shapermc_ecumenical_altar_mp_urbaneastern
D:2:      layout_loops_ring, serial_shops, shop
D:3:      layout_basic, serial_shops, nicolae_shop_window_shopping, uniq_jessica
D:4:      layout_loops_corners, nicolae_overflow_macrodata_refinement,
          nicolae_ossuary_entry_plus, ebering_ghost_reflecting_pool,
          grunt_ministairs_5
Ossuary:  ossuary_zaba_flooded

Skill      XL: |  1  2  3  4 |
---------------+-------------+-----
Ranged Weapons | 3 4 5 |  5.8
Fighting       | 2 3 |  3.2
Armour         | 1 |  1.0
Dodging        | |  2.1
Spellcasting   | |  1.0
Hexes          | |  2.0

Action                     |  1- 3 |  4- 6 || total
---------------------------+-------+-------++-------
   Fire: Sling             |   113 |    82 ||   195
    Use: Scroll            |     6 |     7 ||    13
         Potion            |       |     1 ||     1
 Armour: Robe              |     2 |       ||     2
         Leather armour    |     8 |       ||     8
         Ring mail         |       |     8 ||     8
  Dodge: Dodged            |    32 |    18 ||    50

Table legend:
 A = Non-vault XP
 B = Vault XP
 C = Vault XP percentage of total XP
 D = Non-vault monster count
 E = Vault monster count
 F = Vault count percentage of total count
                 A         B        C        D         E       F
            +---------+---------+-------+---------+---------+-------
      Total |     276 |      37 |  11.8 |      55 |       1 |   1.8
            +---------+---------+-------+---------+---------+-------
        D:1 |      19 |       0 |   0.0 |      12 |       0 |   0.0
        D:2 |      72 |       0 |   0.0 |      24 |       0 |   0.0
        D:3 |      38 |      37 |  49.3 |      13 |       1 |   7.1
        D:4 |     147 |       0 |   0.0 |       6 |       0 |   0.0
            +---------+---------+-------+---------+---------+-------
